[Event "Serbian-ch Semifinal 2024"]
[Site "Paracin"]
[Date "2024.02.09"]
[Round "7.11"]
[White "Martic, Ivan"]
[Black "Todorovic, Goran N"]
[Result "0-1"]
[ECO "B08"]
[WhiteElo "2323"]
[BlackElo "2263"]
[Annotator "TA"]
[PlyCount "76"]
[EventDate "2024.02.04"]
[EventType "swiss"]
[EventCountry "SRB"]
[SourceTitle "playchess.com"]
[Source "ChessBase"]
[SourceQuality "1"]
[TimeControl "40/5400+30:1800+30"]

1. e4 Nc6 2. Nf3 d6 3. d4 Nf6 4. Nc3 g6 5. Be2 Bg7 6. d5 Nb8 7. O-O O-O 8. Be3 c6 9. h3 b5 10. dxc6 b4 11. Nd5 {[%emt 0:00:05] [#] Threatens to win with c7.} Nxc6 {[%emt 0:00:14] The position is equal.} 12. Nd4 Bb7 13. Ba6 Nxd5 14. exd5 Nxd4 (14... Bxa6 $17 15. Nxc6 Qc7) 15. Bxb7 $11 Rb8 16. Bxd4 Bxd4 17. Qxd4 Rxb7 18. Rfe1 Qa5 19. Re2 Rc8 20. h4 (20. Rae1 $11) 20... Qb5 ({Black should try} 20... Rc5 $17 21. Rd2 Rbb5) 21. Qd2 (21. Rae1 $11 {remains equal.}) 21... Rc5 $17 {[%emt 0:03:31] Black is more active. Black converts the advantage convincingly.} 22. Rd1 {[%emt 0:00:00] [#]} (22. Qe1 $17) 22... Rxd5 $3 $19 23. Qxd5 Qxe2 24. Qxb7 (24. Qd3 $142 Qxd3 25. Rxd3) 24... Qxd1+ {[%emt 0:00:15][%mdl 4096] Endgame. KQ-KQ} 25. Kh2 Qxc2 26. Qxe7 Qxf2 (26... Qxb2 27. Qxd6 Qxf2 (27... Qxa2 28. Qb8+ Kg7 29. Qe5+ f6 30. Qe7+ Kg8 31. Qd8+ Kg7 32. Qe7+ Kg8 33. Qe8+ Kg7 34. Qe7+ $15) 28. Qxb4 $19) 27. h5 Qf4+ (27... Qxb2 28. Qxd6 Qe2 (28... gxh5 29. Qd8+ Kg7 30. Qg5+ Kh8 31. Qd8+ Kg7 32. Qg5+ Kf8 33. Qd8+ Kg7 $11) (28... Qxa2 29. h6 $11) 29. Qd8+ Kg7 30. Qd4+ f6 31. Qxa7+ Kh6 32. hxg6 $17) (27... gxh5 28. Qd8+ Kg7 29. Qg5+ Kh8 30. Qd8+ Kg7 31. Qg5+ Kh8 32. Qd8+ Kg7 $11) 28. Kg1 Qd4+ (28... gxh5 $2 29. Qxa7 Qc1+ 30. Kh2 $17) 29. Kf1 Qc4+ (29... gxh5 30. Qd8+ Kg7 31. Qg5+ Kh8 32. Qd8+ Kg7 33. Qg5+ Kf8 34. Qd8+ Kg7 $11) (29... Qxb2 30. Qxa7 Qb1+ (30... gxh5 $2 31. Qa8+ Kg7 32. Qd5 $19) 31. Ke2 $19) 30. Kg1 (30. Kf2 {keeps fighting.} Qc5+ (30... gxh5 31. Qg5+ Kf8 32. Qd8+ Kg7 33. Qg5+ Kf8 34. Qd8+ Kg7 35. Qg5+ Kf8 $11) 31. Kf1 Qc1+ (31... gxh5 $2 32. Qf6 $19) (31... Qxh5 $2 32. Qxa7 Qf5+ 33. Kg1 $19) 32. Kf2 Qxb2+ (32... gxh5 $2 33. Qxd6 Qxb2+ 34. Kg1 $17) 33. Kf3) 30... Qc5+ {[%emt 0:00:24] Black is clearly winning.} (30... gxh5 31. Qd8+ Kg7 32. Qg5+ Kf8 33. Qd8+ Kg7 34. Qg5+ Kh8 35. Qf6+ Kg8 36. Qg5+ Kf8 37. Qd8+ Kg7 $11) (30... Qxa2 31. h6 Qb1+ 32. Kh2) 31. Kf1 Qc1+ 32. Kf2 Qxb2+ ({Less strong is} 32... gxh5 33. Qxd6 Qxb2+ 34. Kg1 $17) 33. Kf3 Qc3+ ({Inferior is} 33... gxh5 34. Qd8+ Kg7 35. Qg5+ Kh8 36. Qd8+ Kg7 37. Qg5+ Kf8 38. Qd8+ Kg7 $11) 34. Kg4 Qd4+ 35. Kh3 Qe5 ({Stronger than} 35... gxh5 36. Qd8+ Kg7 37. Qg5+ Kf8 38. Qd8+ Kg7 39. Qg5+ Kh8 40. Qd8+ Kg7 $11) 36. Qd8+ (36. Qxa7 $142 Qxh5+ (36... gxh5 37. Qb8+ Kg7 38. Qxb4 $17) 37. Kg3) 36... Kg7 37. g4 gxh5 38. g5 a5 {[%emt 0:01:04] Weighted Error Value: White=0.83/Black=0.30.  Mistake:       	White=5     	Black=2      Inaccurate:     	White=4     	---        OK:         	White=5     	Black=13     Best:        	White=1     	Black=7} 0-1

[Event "Serbian-ch Semifinal 2024"]
[Site "Paracin"]
[Date "2024.02.10"]
[Round "8.1"]
[White "Ivanisevic, Ivan"]
[Black "Atalik, Suat"]
[Result "1/2-1/2"]
[ECO "E62"]
[WhiteElo "2517"]
[BlackElo "2439"]
[Annotator "TA"]
[PlyCount "91"]
[EventDate "2024.02.04"]
[EventType "swiss"]
[EventCountry "SRB"]
[SourceTitle "playchess.com"]
[Source "ChessBase"]
[SourceQuality "1"]
[TimeControl "40/5400+30:1800+30"]

1. d4 Nf6 2. c4 g6 3. g3 Bg7 4. Bg2 O-O 5. Nc3 d6 6. Nf3 Re8 7. Bf4 Nc6 8. d5 Na5 9. b3 e5 10. dxe6 Bxe6 11. O-O d5 (11... Nc6 $14) 12. cxd5 (12. Ng5 $16) 12... Nxd5 $14 13. Nxd5 Bxd5 14. Bg5 f6 15. Bf4 Re7 16. Qd2 Nc6 17. Rad1 Bf7 18. Qxd8+ Rxd8 19. Rxd8+ Nxd8 20. Rd1 Ne6 21. Be3 b6 22. h4 h5 23. Bh3 f5 24. Bg2 c5 25. Kf1 Bf6 26. Rd6 Kg7 27. Bd2 Be8 28. Ng5 Nxg5 29. Bxg5 Bxg5 30. hxg5 Rd7 31. Rxd7+ Bxd7 $11 {[%emt 0:00:03][%mdl 4096] Endgame. KB-KB} 32. Bd5 a5 33. Kg2 a4 34. Kf3 axb3 (34... a3 $11 {remains equal.}) 35. axb3 $16 Kf8 36. Kf4 Ke7 37. Ke5 b5 38. e3 Be8 39. f3 Bd7 40. e4 fxe4 41. Bxe4 Be8 42. Kd5 c4 43. b4 ({White must play} 43. bxc4 $16 Bf7+ 44. Kc5 bxc4 45. f4) 43... Bf7+ {[%emt 0:05:06] The position is equal.} 44. Ke5 Be8 $1 45. Kd4 (45. f4 $5) 45... Kf7 46. Ke5 {[%emt 0:00:00] Weighted Error Value: White=0.14 (very precise) /Black=0.14 (very precise) .  Mistake:       	White=2     	Black=2      Inaccurate:     	White=1     	---        OK:         	White=18    	Black=16     Best:        	---       	Black=1      Strong:       	---       	Black=1} 1/2-1/2

[Event "Serbian-ch Semifinal 2024"]
[Site "Paracin"]
[Date "2024.02.10"]
[Round "8.2"]
[White "Bryakin, Mikhail"]
[Black "Kovacevic, Aleksandar"]
[Result "1/2-1/2"]
[ECO "E25"]
[WhiteElo "2479"]
[BlackElo "2453"]
[Annotator "RC"]
[PlyCount "137"]
[EventDate "2024.02.04"]
[EventType "swiss"]
[EventCountry "SRB"]
[SourceTitle "playchess.com"]
[Source "ChessBase"]
[SourceQuality "1"]
[TimeControl "40/5400+30:1800+30"]

1. d4 Nf6 2. c4 e6 3. Nc3 Bb4 4. f3 d5 5. a3 Bxc3+ 6. bxc3 c5 7. cxd5 Nxd5 8. dxc5 Qa5 9. e4 Ne7 10. Be3 O-O 11. Qb3 Qc7 12. Bb5 Nec6 13. Ne2 Na5 14. Qb4 Nbc6 15. Qa4 Bd7 16. O-O a6 17. Bxc6 Bxc6 18. Qb4 Bb5 19. Rfe1 Nc6 20. Qb3 Na5 21. Qb4 Nc6 22. Qb1 e5 23. Ng3 g6 24. a4 Bc4 25. Rd1 Rad8 26. h4 Rxd1+ 27. Qxd1 Rd8 28. Qe1 f6 29. h5 Na5 30. Qf2 Qd7 31. f4 Qf7 32. Qf3 Rd3 33. Rd1 Qd7 34. Re1 Nc6 35. hxg6 hxg6 36. fxe5 fxe5 37. Qf6 Qg7 38. Qh4 Rxc3 39. Bg5 Qd7 40. Bf6 Qd2 41. Rb1 Rc1+ 42. Rxc1 Qxc1+ 43. Kh2 Qf4 44. Qh8+ Kf7 45. Bh4 a5 46. Kh1 Qc1+ 47. Kh2 Qf4 48. Kh3 Be6+ 49. Nf5 Bxf5+ 50. exf5 Qxf5+ 51. Kh2 Qf4+ 52. Bg3 Qf6 53. Qh7+ Qg7 54. Qh3 Kg8 55. Bh4 Qf7 56. Qc8+ Kg7 57. Bg5 Kh7 58. Bd2 Qe7 59. Kg3 Kg7 60. Kg4 Kf7 61. Kg3 Nd4 62. Bxa5 Qg5+ 63. Kh2 Qf4+ 64. Kh1 Qf1+ 65. Kh2 Qf4+ 66. Kh1 Qc1+ 67. Kh2 Qf4+ 68. Kh1 Qf1+ 69. Kh2 1/2-1/2

[Event "Serbian-ch Semifinal 2024"]
[Site "Paracin"]
[Date "2024.02.10"]
[Round "8.3"]
[White "Cabarkapa, Novak"]
[Black "Nestorovic, Nikola"]
[Result "1-0"]
[ECO "D35"]
[WhiteElo "2434"]
[BlackElo "2465"]
[Annotator "TA"]
[PlyCount "109"]
[EventDate "2024.02.04"]
[EventType "swiss"]
[EventCountry "SRB"]
[SourceTitle "playchess.com"]
[Source "ChessBase"]
[SourceQuality "1"]
[TimeControl "40/5400+30:1800+30"]

1. c4 e6 2. Nc3 d5 3. d4 Nf6 4. cxd5 exd5 5. Bg5 c6 6. e3 Bb4 {[%emt 0:05:35] D35: Queen's Gambit Declined: Exchange Variation.} 7. Bd3 h6 8. Bh4 g5 9. Bg3 Ne4 10. Bxe4 $146 ({Predecessor:} 10. Qb3 Qe7 11. Rc1 a5 12. Nge2 a4 13. Qc2 Nd7 14. O-O Nxg3 15. Nxg3 Nf6 16. Nxa4 {1-0 Moreira,R (2088)-Celestino,R Titled Tuesday intern op 11th Apr Late blitz 2023 (6)}) 10... dxe4 11. h4 Rg8 12. hxg5 hxg5 13. Qc2 Bf5 14. Nge2 Nd7 15. a3 Bxc3+ 16. Nxc3 Qe7 17. b4 (17. O-O-O $16) 17... Nf6 (17... Kf8 $11) 18. b5 $16 Rc8 19. bxc6 Rxc6 20. Qd2 Qd7 {[%emt 0:02:21] [#]} (20... b6 $142) 21. d5 $1 $16 Rc4 22. Rb1 a6 23. Rb6 Qc8 24. Rxf6 Rxc3 25. O-O Rc2 $2 (25... Rd3 $16 {is a better chance.} 26. Qb2 Rxd5) 26. Qd1 (26. Qd4 $142 Rc1 27. f3 (27. Qe5+ Be6 $11)) 26... Bg4 $18 27. Qd4 Qc4 28. Qe5+ Kf8 29. Qd6+ Ke8 30. Qe5+ Kf8 31. Qd6+ Ke8 $1 32. Rb1 Rc1+ 33. Rxc1 Qxc1+ 34. Kh2 Rh8+ 35. Rh6 Rxh6+ 36. Qxh6 Qc8 37. Qh8+ (37. Qxg5 Qf5 38. Qg8+ Kd7 $18) 37... Kd7 38. Qe5 (38. Qh7 $142 Qe8 39. f3 exf3 40. gxf3) 38... Qd8 $18 39. Qd6+ $2 (39. Qxe4 Qh8+ 40. Kg1 Qa1+ 41. Kh2 Qh8+ 42. Kg1 Qa1+ 43. Kh2 Qh8+ $11) (39. Kg1 $18 Qe7 40. Qb8) 39... Ke8 $11 40. Qe5+ $2 (40. Qc5 $11) 40... Kd7 $18 41. f3 (41. Qxe4 Qh8+ 42. Kg1 Qa1+ 43. Kh2 Qh8+ 44. Kg1 Qa1+ 45. Kh2 Qh8+ $11) 41... exf3 42. gxf3 Bh5 43. e4 Bg6 44. Qb2 (44. Kg2 $18) 44... Qc8 $14 {[%emt 0:00:00] [#]} 45. Be5 $2 ({White has to play} 45. Qf6 $1 $18) 45... g4 $1 $11 46. Qg2 (46. fxg4 Bxe4 47. Qb6 Ke8 (47... Bxd5 48. Qd6+ Ke8 49. Qxd5 $16) (47... Qc2+ 48. Kg3 $11)) 46... Ke8 47. f4 f5 48. Kg3 Qc1 49. Kh4 Qxa3 $2 (49... Qc8 $1 $11) 50. Kg5 $18 Kf7 $2 (50... Bf7 51. Qc2 (51. exf5 Qh3 $11) 51... Qe7+ 52. Kxf5 Qd7+ 53. Kg5 g3) 51. d6 $18 fxe4 52. Qxg4 Qa4 53. f5 Bh7 54. Qh5+ Kg8 55. Qh6 1-0

[Event "Serbian-ch Semifinal 2024"]
[Site "Paracin"]
[Date "2024.02.10"]
[Round "8.4"]
[White "Ratkovic, Milovan"]
[Black "Radovanovic, Nikola"]
[Result "0-1"]
[ECO "A45"]
[WhiteElo "2396"]
[BlackElo "2446"]
[Annotator "TA"]
[PlyCount "84"]
[EventDate "2024.02.04"]
[EventType "swiss"]
[EventCountry "SRB"]
[SourceTitle "playchess.com"]
[Source "ChessBase"]
[SourceQuality "1"]
[TimeControl "40/5400+30:1800+30"]

1. d4 Nf6 2. Bf4 g6 3. Nc3 d5 4. e3 Bg7 5. h4 h5 6. Nf3 O-O 7. Ne5 c5 8. Qd2 {[%emt 0:02:00] The position is equal.} cxd4 9. exd4 Nc6 10. O-O-O Bf5 11. Nxc6 bxc6 12. f3 c5 13. Be5 Qa5 14. g4 hxg4 15. h5 $1 {[%emt 0:05:23] Black must now prevent h6.} cxd4 (15... gxf3 $2 16. h6 Nd7 (16... Bh8 17. h7+ Nxh7 18. Qh6 g5 19. Bd3 f6 20. Bxf5 Rf7 21. Be6) 17. hxg7 $18 (17. Bxg7 e5 $18)) 16. Qxd4 (16. Bxd4 {is interesting.} Nxh5 17. Bxg7 Kxg7 18. Rxh5 gxh5 19. fxg4 hxg4 20. Qg5+) 16... gxh5 (16... gxf3 17. h6 Bh8 18. h7+ Nxh7 (18... Kg7 19. Qf4) 19. Qh4 $18 (19. Bxh8 f6 $18)) 17. Qf4 Bg6 18. fxg4 Nxg4 19. Bxg7 Kxg7 20. Rxd5 {[%emt 0:00:00] [#]} Qb6 21. Bd3 Rad8 {[%emt 0:00:00] Some like it hot} (21... e5 $17 22. Qg5 Rh8) 22. Re1 $2 (22. Rdxh5 $1 $14 {is the one way to stay ahead.} Rxd3 (22... Bxh5 23. Rxh5 Qe3+ 24. Qxe3 $16) 23. cxd3 (23. Qxg4 Qe3+ 24. Kb1 Rxc3 $11) 23... Bxh5 24. Rxh5 Qg1+ 25. Kd2 Qg2+ 26. Ne2) 22... Qf2 23. Qxf2 Nxf2 24. Rxe7 Bxd3 (24... Nxd3+ 25. cxd3 h4 26. Re3) 25. cxd3 Nxd3+ (25... h4 $142 26. Rf5 Nxd3+ 27. Kc2 Nb4+ 28. Kc1 Rd4) 26. Kd2 $17 Nxb2 {[%emt 0:00:27][%cal Bd3b2,Bb2c4,Bc4e3,Be3g4][%mdl 32] Strongly threatening ...Rxd5+.} 27. Kc2 Rxd5 28. Nxd5 {[%emt 0:00:01][%mdl 4096] Endgame. [#] KRN-KRN} Nc4 29. Nf4 h4 30. Rc7 Ne3+ 31. Kd3 Re8 {[%emt 0:00:17] Prevents Ne6+.} 32. Rxa7 Ng4 {[%emt 0:00:51] aiming for ...Nf2+.} 33. Ra5 Re3+ (33... Ne5+ $17 34. Kc2 Kf6) 34. Kd4 f6 {[%emt 0:00:23] Prevents Rg5+} 35. Nh5+ $2 ({White should play} 35. Ng2 $15 Rh3 36. Nf4) 35... Kg6 $2 (35... Kf7 $19 {...h3 would now be deadly.} 36. Nf4 h3) 36. Nf4+ $11 Kg7 37. Rh5 (37. Nh5+ $11 Kf7 38. Nf4) 37... Ra3 $17 {[%emt 0:00:16] Hoping for ...Ra4+.} 38. Ne6+ $2 (38. Nd3 $17) 38... Kf7 $19 39. Nc5 $2 (39. Nd8+ Ke7 40. Nc6+ Ke6 (40... Kd6 41. Na5 $17) 41. Rxh4) 39... h3 40. Ke4 Kg6 ({Weaker is} 40... Rxa2 41. Kf4 $15) 41. Rh8 h2 42. Nd7 h1=Q+ {[%emt 0:00:34] Weighted Error Value: White=0.89/Black=0.24 (precise) .  Loses game:     	White=2     	---        Missed win:     	---       	Black=1      Mistake:       	White=3     	Black=3      Inaccurate:     	White=2     	---        OK:         	White=11    	Black=17     Best:        	White=3     	Black=3      Strong:       	White=1     	---} 0-1

[Event "Serbian-ch Semifinal 2024"]
[Site "Paracin"]
[Date "2024.02.10"]
[Round "8.5"]
[White "Pap, Misa"]
[Black "Tadic, Stefan"]
[Result "1-0"]
[ECO "C77"]
[WhiteElo "2422"]
[BlackElo "2390"]
[Annotator "RC"]
[PlyCount "149"]
[EventDate "2024.02.04"]
[EventType "swiss"]
[EventCountry "SRB"]
[SourceTitle "playchess.com"]
[Source "ChessBase"]
[SourceQuality "1"]
[TimeControl "40/5400+30:1800+30"]

1. e4 e5 2. Nf3 Nc6 3. Bb5 a6 4. Ba4 Nf6 5. d3 d6 6. c3 g6 7. O-O Bg7 8. Nbd2 O-O 9. Re1 h6 10. Bxc6 bxc6 11. d4 Nd7 12. dxe5 Nxe5 13. Nxe5 Bxe5 14. Nc4 Bg7 15. Bf4 a5 16. Qa4 c5 17. Rad1 Qe8 18. Qc2 Be6 19. Ne3 Qc6 20. Nd5 Rae8 21. c4 Qb7 22. Bd2 c6 23. Nc3 g5 24. h4 Qe7 25. hxg5 hxg5 26. Qc1 f6 27. Ne2 Qf7 28. Ng3 f5 29. exf5 Bxf5 30. Rxe8 Rxe8 31. Bc3 Rf8 32. Bxg7 Qxg7 33. Rxd6 Bh7 34. Qe3 Qxb2 35. Qxg5+ Kh8 36. Qe3 a4 37. Rd7 a3 38. f3 Rg8 39. Qh6 Qb1+ 40. Kh2 Qg6 41. Qxg6 Rxg6 42. Ra7 Rh6+ 43. Kg1 Rh4 44. Rxa3 Rxc4 45. Re3 Rc2 46. a3 c4 47. Ne4 Rb2 48. a4 Ra2 49. Nc5 Bg8 50. Kh2 Bd5 51. Kh3 Kg7 52. g4 Kg6 53. Kg3 Ra1 54. Kf4 Kf6 55. Nd7+ Kf7 56. Kf5 Rxa4 57. g5 Ra5 58. g6+ Kg7 59. Re7+ Bf7+ 60. Ne5 Rxe5+ 61. Rxe5 Bxg6+ 62. Kg5 Bf7 63. f4 Bd5 64. Re3 Kf7 65. f5 Bg2 66. Ra3 Bd5 67. Ra7+ Ke8 68. Kf6 c3 69. Ra3 c2 70. Rc3 Bb3 71. Rxc6 Kd7 72. Rc3 Kd6 73. Kg7 Ke5 74. f6 Kd4 75. Rxc2 1-0

[Event "Serbian-ch Semifinal 2024"]
[Site "Paracin"]
[Date "2024.02.10"]
[Round "8.6"]
[White "Stankovic, Boris"]
[Black "Injac, Teodora"]
[Result "1/2-1/2"]
[ECO "C47"]
[WhiteElo "2310"]
[BlackElo "2439"]
[Annotator "TA"]
[PlyCount "129"]
[EventDate "2024.02.04"]
[EventType "swiss"]
[EventCountry "SRB"]
[SourceTitle "playchess.com"]
[Source "ChessBase"]
[SourceQuality "1"]
[TimeControl "40/5400+30:1800+30"]

1. e4 e5 2. Nf3 Nc6 3. Nc3 Nf6 4. g3 d5 5. exd5 Nxd5 6. Bg2 Nxc3 7. bxc3 Bc5 8. O-O O-O 9. Re1 h6 10. d3 Qf6 11. Be3 {[%emt 0:01:29] C47: Scotch Four Knights and Four Knights with 4 g3.} Bb6 12. Nd2 Bd7 13. a4 $146 ({Predecessor:} 13. Rb1 Rab8 14. Ne4 Qe7 15. Nd2 Qf6 16. Nc4 Bxe3 17. Rxe3 Rfe8 18. Qe2 b6 19. Re1 {½-½ Gabrielian,A (2464)-Horak,M (2328) Titled Tuesday intern op 09th Nov blitz 2021 (1)}) 13... Rfe8 14. Qh5 Na5 15. Ne4 Qf5 16. Qxf5 Bxf5 17. c4 Bxe3 18. Rxe3 f6 19. Nc5 Rab8 20. Rae1 Kf8 21. Be4 Bxe4 22. Rxe4 Kf7 23. h4 Rbc8 24. R4e3 b6 25. Ne4 Nc6 26. c3 Red8 27. g4 Rd7 28. Rf3 Rcd8 29. Ree3 $1 Ne7 30. h5 Kg8 31. Kf1 Nc6 32. Ke2 Rf8 33. Kd2 Nd8 34. Kc2 Ne6 35. Ng3 c5 (35... Ng5 $5 36. Rf5 $8 c5 $11) 36. Nf5 Rfd8 37. Nxh6+ ({White should play} 37. Re1 $11) 37... gxh6 $15 38. Rxf6 Ng5 (38... Nf4 39. Rxe5 Rf8 (39... Nxd3 40. Re3 $11) 40. Rxh6 $11) (38... Rd6 $1 $15 39. Rg6+ Ng7 40. Rxd6 Rxd6) 39. Rxh6 $11 Nf7 40. Re6 Kh7 41. a5 Rd6 (41... bxa5 42. g5 Kg7 (42... Nxg5 43. R6xe5 Rf8 44. Rxg5 $11) 43. g6 $16) (41... Rg8 $11) 42. Re7 $16 Rf6 43. f3 (43. g5 $142 $1 Rxf2+ 44. Kb3) 43... Kh6 $16 {[%emt 0:00:48] [#]} 44. Rxa7 (44. a6 $1 $16) 44... bxa5 $11 45. Rxa5 Rc8 46. Kd2 Rb6 47. Re2 Ng5 48. Ke3 Rf8 49. Rf2 Rc6 50. Rf1 Rf7 51. Ke2 Ne6 52. Rfa1 Rf6 53. Ke3 Ng5 54. Rf1 Rc7 55. Rf2 Rc8 56. Rf1 Rc7 57. Rf2 Rc8 58. Ra7 Rcc6 (58... Rcf8 $2 59. Re7 $17) 59. Re7 Ne6 60. Ke4 Ng5+ 61. Ke3 Ne6 62. Rb2 (62. Ke4 Rb6 $14) 62... Ng5 {[%emt 0:00:15] [#]} (62... Ra6 $11 {remains equal.}) 63. Rf2 ({Weaker is} 63. Rxe5 Rxf3+ 64. Kd2 Rg3 $15) (63. Rb8 $1 $16 {[%cal Rb8h8] Rh8+ is the strong threat.} Rxf3+ 64. Ke2) 63... Ne6 $11 64. Rf1 ({Much less strong is} 64. Ke4 Rb6 $14) 64... Ra6 65. Rb1 1/2-1/2

[Event "Serbian-ch Semifinal 2024"]
[Site "Paracin"]
[Date "2024.02.10"]
[Round "8.7"]
[White "Ciric, Pavle"]
[Black "Tilicheev, Viacheslav"]
[Result "0-1"]
[ECO "A07"]
[WhiteElo "2159"]
[BlackElo "2487"]
[Annotator "TA"]
[PlyCount "110"]
[EventDate "2024.02.04"]
[EventType "swiss"]
[EventCountry "SRB"]
[SourceTitle "playchess.com"]
[Source "ChessBase"]
[SourceQuality "1"]
[TimeControl "40/5400+30:1800+30"]

1. Nf3 d5 2. g3 Nf6 3. Bg2 c6 4. O-O Bg4 5. h3 Bh5 6. d4 e6 {[%emt 0:00:14] [#]} 7. c4 $1 Nbd7 (7... Be7 8. Qb3) 8. cxd5 {[%emt 0:00:04] The position is equal.} exd5 9. Qb3 Qb6 10. Qe3+ Be7 11. Nh4 Bg6 {[%emt 0:00:18] Prevents Nf5.} 12. Nc3 Nf8 13. f4 Bc2 14. Qd2 Be4 15. Bxe4 Nxe4 16. Nxe4 dxe4 17. Nf5 Ne6 18. Qe3 (18. Nxe7 $1 $11 Kxe7 19. e3) 18... Bf6 $1 $17 19. Qxe4 g6 (19... O-O-O $1 $17 20. e3 h5) 20. Nd6+ $11 Ke7 21. Nc4 $36 {[%emt 0:17:03][%mdl 2048] White has good play.} Qxd4+ 22. Qxd4 Bxd4+ 23. e3 Bc5 24. b4 Bxb4 25. Rb1 c5 26. Bb2 Rhc8 27. f5 b5 $1 28. Ne5 Nd8 29. fxg6 hxg6 30. Nd3 Ke8 31. Bc1 a5 32. a3 $1 Bc3 33. Rxb5 c4 34. Nc5 {[%emt 0:03:17] Black must now prevent Ne4.} Rab8 35. Ne4 Rxb5 $17 36. Nd6+ Ke7 37. Nxb5 Be5 38. Bd2 Rc5 ({Of course not} 38... Bxg3 $6 39. Bxa5 Nc6 40. Bc3 $15) (38... c3 39. Bxc3 Rxc3 (39... Bxc3 40. Rc1 $11) 40. Nxc3 Bxc3 41. Rb1 $17) 39. Nc3 Bxg3 40. Ne4 Rd5 {[%emt 0:00:06] Hoping for ...Be5.} 41. Bxa5 Rxa5 42. Nxg3 Rxa3 {[%emt 0:00:06][%mdl 4096] Endgame. KRN-KRN} 43. Rc1 Ra4 $1 44. Ne4 {[%emt 0:01:58] [#]} Nc6 $1 45. Nc5 Rb4 46. Na6 {[%emt 0:00:23] [#]} Rb6 47. Nc7 (47. Nc5) 47... Kd6 $19 48. Ne8+ Kc5 49. Nf6 {[%emt 0:00:05] Strongly threatening Nd7+.} Rb2 50. Nd7+ Kb4 {[%emt 0:00:36] ...c3 is the strong threat.} 51. Nb6 Ne5 52. Nd5+ Ka3 53. e4 Rd2 {[%emt 0:02:44] And now ...Kb2 would win.} 54. Ne3 Kb3 {[%emt 0:00:25] aiming for ...c3.} 55. Nd5 (55. Nxc4 $19 Nxc4 56. h4) 55... Kb2 {[%emt 0:00:47] Weighted Error Value: White=0.32/Black=0.06 (flawless) .  Mistake:       	White=4     	Black=1      Inaccurate:     	White=3     	---        OK:         	White=21    	Black=27     Best:        	White=4     	Black=5      Strong:       	White=1     	Black=2} 0-1

[Event "Serbian-ch Semifinal 2024"]
[Site "Paracin"]
[Date "2024.02.10"]
[Round "8.8"]
[White "Todorovic, Goran N"]
[Black "Djordjevic, Vuk"]
[Result "1/2-1/2"]
[ECO "E12"]
[WhiteElo "2263"]
[BlackElo "2367"]
[Annotator "TA"]
[PlyCount "101"]
[EventDate "2024.02.04"]
[EventType "swiss"]
[EventCountry "SRB"]
[SourceTitle "playchess.com"]
[Source "ChessBase"]
[SourceQuality "1"]
[TimeControl "40/5400+30:1800+30"]

1. d4 Nf6 2. c4 e6 3. Nf3 b6 4. Bf4 Bb7 5. e3 d6 6. Nc3 h6 7. h3 Nbd7 8. Be2 {[%emt 0:01:23] White is slightly better.} g5 9. Bh2 Bg7 10. d5 (10. Qc2 $16) 10... Nc5 $11 11. Nd4 a5 12. Bf3 Qc8 13. e4 O-O 14. O-O Nfd7 15. Be2 Re8 16. Ndb5 Ba6 17. Qc2 Nf8 (17... Bxb5 $142 18. Nxb5 (18. cxb5 Bxc3 19. bxc3 exd5 $11) 18... exd5) 18. Rfe1 ({White should try} 18. f4 $16) 18... Qd8 19. Rad1 Ng6 20. dxe6 Nxe6 21. Bg4 {[%emt 0:01:07][%cal Oe4e5] Strongly threatening e5!} Nc5 (21... Nef4 $14) 22. b3 (22. Nd5 $16 Bxb5 23. cxb5) 22... Bxb5 $14 23. Nxb5 Qe7 24. Re3 Rad8 25. a3 Ne6 26. Bf5 {[%emt 0:02:46] Black is weak on the light squares} Nh4 27. Bxe6 fxe6 28. e5 {[%emt 0:00:11] White is more active.} Nf5 29. Ree1 dxe5 30. Rxd8 Rxd8 31. Bxe5 c6 32. Nc3 Bxe5 33. Rxe5 Nd4 34. Qe4 c5 35. Nb5 {[%emt 0:00:58] Threatening Nxd4.} Qf7 (35... Kf7 $1 $11) 36. Nxd4 Rxd4 {[%emt 0:00:14][%mdl 4096] Endgame. KQR-KQR} 37. Qe2 $36 {[%emt 0:00:23][%mdl 2048] White has good play.} Rd6 {[%emt 0:00:35] [#]} 38. h4 gxh4 $11 39. Re4 {[%emt 0:01:15] Black must now prevent Rg4+.} Qf6 40. Qh5 Rd2 (40... Kh7 $11) 41. Qg4+ $16 Kh8 {[%emt 0:09:36] And now ...Qa1+ would win.} 42. Rxe6 {[%emt 0:01:11] Re8+ would kill now.} Qxf2+ 43. Kh2 {[%emt 0:00:11] Chess con chili.} Qf8 {[%emt 0:09:19] [#]} (43... Qg3+ $16 44. Qxg3 hxg3+ 45. Kh3 (45. Kxg3 Rd3+ 46. Kg4 Rxb3 $11) 45... a4) 44. Rxb6 $2 (44. Qg6 $1 $18 {[%cal Oe6e8] Re8! is the strong threat.} Qf4+ 45. Kh3 Qg3+ 46. Qxg3 hxg3 47. Rxh6+ (47. Rxb6 a4 $18) 47... Kg7 48. Rxb6) 44... Rd4 $11 {[%emt 0:06:38] The position is equal.} 45. Qf3 Qxf3 46. gxf3 {[%emt 0:00:14][%cal Oa3a4] KR-KR} a4 47. bxa4 Rxc4 48. Rxh6+ Kg7 49. Rc6 Rxa4 50. Rxc5 Rxa3 51. Kh3 {[%emt 0:01:15] Weighted Error Value: White=0.17 (very precise) /Black=0.20 (precise) .  Loses game:     	---       	Black=1      Missed win:     	White=1     	---        Mistake:       	White=4     	Black=4      Inaccurate:     	White=4     	Black=5      OK:         	White=13    	Black=18     Best:        	White=4     	Black=3} 1/2-1/2

[Event "Serbian-ch Semifinal 2024"]
[Site "Paracin"]
[Date "2024.02.10"]
[Round "8.11"]
[White "Milosevic, Milos"]
[Black "Krstic, Andrija Marko"]
[Result "1/2-1/2"]
[ECO "B31"]
[WhiteElo "2388"]
[BlackElo "2113"]
[Annotator "RC"]
[PlyCount "51"]
[EventDate "2024.02.04"]
[EventType "swiss"]
[EventCountry "SRB"]
[SourceTitle "playchess.com"]
[Source "ChessBase"]
[SourceQuality "1"]
[TimeControl "40/5400+30:1800+30"]

1. e4 c5 2. Nc3 Nc6 3. Bb5 Nd4 4. Nf3 g6 5. Bc4 Bg7 6. O-O e6 7. Nxd4 cxd4 8. Nb5 a6 9. Nd6+ Ke7 10. Nxc8+ Rxc8 11. d3 Kf8 12. f4 Ne7 13. Qf3 f5 14. exf5 b5 15. Bb3 gxf5 16. Bd2 a5 17. a4 b4 18. Rae1 Rc6 19. Kh1 h5 20. Re2 h4 21. Rg1 Qe8 22. g4 hxg3 23. Rxg3 Qh5 24. Qf1 Bf6 25. Reg2 Rc8 26. Qf3 1/2-1/2

[Event "Serbian-ch Semifinal 2024"]
[Site "Paracin"]
[Date "2024.02.11"]
[Round "9.2"]
[White "Kovacevic, Aleksandar"]
[Black "Radovanovic, Nikola"]
[Result "1/2-1/2"]
[ECO "C79"]
[WhiteElo "2453"]
[BlackElo "2446"]
[Annotator "RC"]
[PlyCount "25"]
[EventDate "2024.02.04"]
[EventType "swiss"]
[EventCountry "SRB"]
[SourceTitle "playchess.com"]
[Source "ChessBase"]
[SourceQuality "1"]
[TimeControl "40/5400+30:1800+30"]

1. e4 e5 2. Nf3 Nc6 3. Bb5 a6 4. Ba4 Nf6 5. O-O d6 6. Bxc6+ bxc6 7. d4 exd4 8. Nxd4 c5 9. Nc6 Qd7 10. Na5 Qa4 11. Nb3 Nxe4 12. Re1 Be6 13. Qf3 1/2-1/2